 Dungeon Crawl Stone Soup version 0.28-a0-983-g1de4e0787c (webtiles) character file.

Game seed: 9632603589341366918

392 bande the Covered (level 6, -6/39 HPs)
             Began as a Gargoyle Fighter on Dec 2, 2021.
             Killed by divine providence
             ... invoked by an orc priest
              (12 damage)
             ... on level 3 of the Dungeon.
             The game lasted 00:03:58 (3533 turns).

bande the Covered (Gargoyle Fighter)                Turns: 3533, Time: 00:03:58

Health: -6/39      AC: 15    Str: 21    XL:     6   Next: 81%
Magic:  6/6        EV:  9    Int:  9    God:
Gold:   172        SH:  4    Dex:  9    Spells: 5/5 levels left

rFire   . . .      SeeInvis .   a - +0 war axe
rCold   . . .      Faith    .   c - +0 buckler
rNeg    + . .      Spirit   .   b - +0 scale mail
rPois   ∞          Reflect  .   (no helmet)
rElec   +          Harm     .   (no cloak)
rCorr   .          Rampage  .   (no gloves)
Will    .....                   (no boots)
Stlth   ..........              (no amulet)
HPRegen 0.13/turn               i - +4 ring of protection
MPRegen 0.10/turn               (no ring)

@: no status effects
A: sickness immunity, AC +4, negative energy resistance 1, electricity
resistance, torment resistance 1, petrification resistance
a: no special abilities


You were on level 3 of the Dungeon.
You visited 1 branch of the dungeon, and saw 6 of its levels.

You collected 172 gold pieces.

Inventory:

Hand Weapons
 a - a +0 war axe (weapon)
 g - a +0 flail
 l - a +0 morningstar
Armour
 b - a +0 scale mail (worn)
 c - a +0 buckler (worn)
Jewellery
 i - a +4 ring of protection (left hand)
Wands
 j - a wand of flame (10)
Potions
 d - 2 potions of might
 e - a potion of magic
 f - a potion of brilliance {unknown}
 h - a potion of heal wounds {unknown}
 k - a potion of lignification {unknown}


   Skills:
 + Level 4.3 Fighting
 + Level 4.6 Axes
 + Level 4.8 Armour
 - Level 0.3 Dodging
 + Level 4.1 Shields
 * Level 0.2 Evocations


You had 5 spell levels left.
You didn't know any spells.
Your spell library contained the following spells:

 Spells                   Type           Power      Damage    Failure   Level
 Frozen Ramparts          Ice            0%         1d2       97%         3
 Ice Form                 Ice/Tmut       0%         N/A       100%        4
 Summon Ice Beast         Ice/Summ       0%         N/A       100%        4


Dungeon Overview and Level Annotations

Branches:
Dungeon (6/15)             Temple (0/1) D:5

Altars:
Qazlal


Innate Abilities, Weirdness & Mutations

You are immune to sickness and miasma.
Your stone body is resilient. (AC +4)
You are immune to poison.
You resist negative energy. (rN+)
You are resistant to electric shocks. (rElec)
You are resistant to unholy torment.
You are immune to petrification.


Message History

You hit the orc priest.
The orc priest is severely wounded.
The orc priest calls upon Beogh to heal the orc priest.
The orc priest is healed somewhat.
The orc priest hits you with a +0 hand axe.
You closely miss the orc priest.
The orc priest is moderately wounded.
The orc priest barely misses you. x2; The orc priest completely misses you.
You barely miss the orc priest.
The orc priest is moderately wounded.
The orc priest hits you with a +0 hand axe.
The orc priest hits you but does no damage. x2
You are too injured to fight recklessly!
You are too injured to fight recklessly!
You are too injured to fight recklessly!
You are too injured to fight recklessly!
You are too injured to fight recklessly!
You are too injured to fight recklessly!
You are too injured to fight recklessly!
You are too injured to fight recklessly!
You are too injured to fight recklessly!
You closely miss the orc priest.
The orc priest is moderately wounded.
The orc priest hits you from afar with a +0 trident.
The orc priest misses you.
You completely miss the orc priest.
The orc priest is moderately wounded.
The orc priest hits you but does no damage.
The orc priest hits you with a +0 hand axe.
* * * LOW HITPOINT WARNING * * *
You slash the orc priest!
The orc priest is almost dead.
The orc priest hits you from afar with a +0 trident.
* * * LOW HITPOINT WARNING * * *
The orc priest barely misses you. The orc priest completely misses you.
You barely miss the orc priest.
The orc priest is almost dead.
The orc priest calls down the wrath of Beogh upon you.
Beogh smites you!
You die...

### .##..
###.^####....
.## ##...##.#..
..
#....##<††.##.
.# ####.
##†..... ..
...##...... #.
##.......... #o
#####...... #o##
#...... #)@###
#...... ##...###
#.#####
###...######.#
###...##...#
###.##.###
#..#.#
#####.(.#######
....(...........
################


You could see 2 orc priests.

Vanquished Creatures
  A sky beast (D:5)
  A hound (D:4)
  An orc priest (D:3)
  Jessica (D:3)
  Natasha (thrice) (D:3)
  A howler monkey skeleton (D:5)
  6 adders
  An adder skeleton (D:4)
  A worm (D:2)
  3 dart slugs (D:1)
  10 orcs
  6 bats
  6 endoplasms
  A giant cockroach (D:2)
  2 goblins (D:1)
  5 hobgoblins
  3 jackals (D:5)
  5 ball pythons
  5 frilled lizards
  A kobold (D:4)
  5 rats
68 creatures vanquished.

Notes
Turn   | Place    | Note
-------+----------+-------------------------------------------
     0 | D:1      | bande the Gargoyle Fighter began the quest for the Orb.
     0 | D:1      | Reached XP level 1. HP: 14/14 MP: 1/1
   506 | D:1      | Reached XP level 2. HP: 9/19 MP: 2/2
   920 | D:1      | Found a faded altar of an unknown god.
  1927 | D:2      | Found a stormy altar of Qazlal.
  1958 | D:2      | Reached XP level 3. HP: 18/23 MP: 3/3
  2310 | D:2      | Reached XP level 4. HP: 26/29 MP: 4/4
  2635 | D:3      | Noticed Natasha
  2641 | D:3      | Killed Natasha
  2745 | D:3      | You fall into a shaft and drop 3 floors!
  2745 | D:6      | Noticed a wraith
  2748 | D:5      | Entered Level 5 of the Dungeon
  2780 | D:5      | Found a staircase to the Ecumenical Temple.
  2881 | D:5      | Noticed a sky beast
  2894 | D:5      | Killed a sky beast
  2895 | D:5      | Reached XP level 5. HP: 21/33 MP: 5/5
  3038 | D:4      | Reached XP level 6. HP: 38/38 MP: 6/6
  3155 | D:3      | Noticed Jessica
  3165 | D:3      | Killed Jessica
  3238 | D:3      | Noticed Natasha
  3247 | D:3      | Killed Natasha
  3282 | D:3      | Noticed Natasha
  3445 | D:3      | Killed Natasha
  3533 | D:3      | Killed from afar by an orc priest

Illustrated notes

Levels and vault maps discovered:
D:1:      dpeg_arrival_oval, layout_loops_ring,
          hellmonk_ecumenical_altar_run_dry
D:2:      layout_loops_ring, basic_altar
D:3:      layout_rooms, uniq_natasha, uniq_jessica, uniq_robin
D:4:      layout_loops_ring, hangedman_decor_diamond_cutter,
          corexii_corridor_pit, minmay_ruptured
D:5:      layout_basic, minmay_temple_entry_from_below_a
D:6:      layout_basic, grunt_ministairs_14, uniq_eustachio

Skill      XL: |  1  2  3  4  5  6 |
---------------+-------------------+-----
Axes           | 2 3 4 |  4.6
Armour         | 4 |  4.8
Fighting       | 4 |  4.3
Shields        | 4 |  4.1
Dodging        | |  0.3
Evocations     | |  0.2

Action                   |  1- 3 |  4- 6 || total
-------------------------+-------+-------++-------
Melee: War axe           |   150 |   114 ||   264
  Use: Scroll            |     3 |     2 ||     5
Armor: Scale mail        |    75 |    84 ||   159
Dodge: Dodged            |    75 |    65 ||   140
Block: Buckler           |    27 |    21 ||    48

Table legend: (Time is in decaauts)
 A = Elapsed time spent in this place.
 B = Non-inter-level travel time spent in this place.
 C = Inter-level travel time spent in this place.
 D = Time resting spent in this place.
 E = Time spent auto-exploring this place.
 F = Levels seen in this place.
 G = Mean time per level.
                   A        B        C        D        E       F      G
               +--------+--------+--------+--------+--------+-----+--------+
         Total |   3629 |   3629 |      0 |    658 |   2200 |   6 |  604.8 |
       Dungeon |   3629 |   3629 |      0 |    658 |   2200 |   6 |  604.8 |
               +--------+--------+--------+--------+--------+-----+--------+

Top non-repeatable levels by time:
     D:1: 1790 daAuts
     D:2: 1009 daAuts
     D:3: 410 daAuts
     D:5: 286 daAuts
     D:4: 130 daAuts
     D:6: 2 daAuts
